 Dungeon Crawl Stone Soup version 0.21.1-1-g345015f (webtiles) character file.

579 Kairos the Poker (level 7, -4/52 HPs)
             Began as a Merfolk Skald on Mar 25, 2018.
             Slain by Grinder (5 damage)
             ... while paralysed by Grinder
             ... on level 3 of the Dungeon.
             The game lasted 00:17:09 (6640 turns).

Kairos the Poker (Merfolk Skald)                    Turns: 6640, Time: 00:17:10

Health: -4/52      AC:  7    Str: 13    XL:     7   Next: 36%
Magic:  7/11       EV:  2    Int: 13    God:
Gold:   167        SH:  0    Dex: 13    Spells: 6/11 levels left

rFire    + + .     SeeInvis .   a - +0 spear
rCold    x . .     Gourm    +   (no shield)
rNeg     . . .     Faith    .   r - +1 leather armour {rF+}
rPois    .         Spirit   .   h - +2 hat
rElec    .         Reflect  .   (no cloak)
rCorr    .         Harm     .   (no gloves)
MR       .....                  x - +0 pair of boots (curse)
Stlth    +.........             b - amulet of the gourmand
HPRegen  0.17/turn              p - ring of fire
MPRegen  0.12/turn              E - +2 ring of evasion

@: paralysed, infused
A: change form in water, swift swim, stealthy swim
a: no special abilities


You were on level 3 of the Dungeon.
You were not hungry.

You visited 1 branch of the dungeon, and saw 5 of its levels.
You also visited: Ossuary.

You collected 206 gold pieces.
You spent 39 gold pieces at shops.

Inventory:

Hand Weapons
 a - a +0 spear (weapon)
 t - a +0 blowgun
Missiles
 u - 51 poisoned needles
Armour
 h - a +2 hat (worn)
 r - a +1 leather armour of fire resistance (worn)
 x - a cursed +0 pair of boots (worn)
Jewellery
 b - an amulet of the gourmand (around neck)
 p - a ring of fire (left hand)
 E - a +2 ring of evasion (right hand)
Wands
 l - a wand of digging (13)
Scrolls
 f - 2 scrolls of enchant weapon {unknown}
 g - 4 scrolls of identify
 j - 2 scrolls of fog
 k - 2 scrolls of remove curse {unknown}
 m - a scroll of magic mapping {unknown}
 o - 2 scrolls of immolation {unknown}
 s - 2 scrolls of amnesia {unknown}
 v - a scroll of noise {unknown}
 y - 2 scrolls of teleportation {unknown}
Potions
 e - a potion of invisibility
 i - a potion of heal wounds {unknown}
 n - 4 potions of flight {unknown}
 q - a potion of lignification {unknown}
 w - a potion of haste {unknown}
 z - 2 potions of might {unknown}
 A - 3 potions of brilliance {unknown}
 B - 4 potions of curing
 C - a potion of berserk rage {unknown}
 D - a potion of mutation {unknown}
Books
 c - a book of Battle

   Spells                             Type                      Level
   a - Infusion                       Charms                       1
   b - Shroud of Golubria             Charms/Translocation         2
   c - Song of Slaying                Charms                       2
   d - Spectral Weapon                Hexes/Charms                 3
   e - Regeneration                   Charms/Necromancy            3
Comestibles
 d - 7 rations


   Skills:
 + Level 3.4 Fighting
 + Level 7.0 Polearms
 + Level 2.1 Armour
 + Level 5.0 Dodging
 + Level 1.0 Stealth
 + Level 2.7 Spellcasting
 + Level 4.3 Charms


You had 6 spell levels left.
You knew the following spells:

 Your Spells              Type           Power        Failure   Level  Hunger
a - Infusion              Chrm           ##..         4%          1    #......
b - Song of Slaying       Chrm           ##......     8%          2    ###....
c - Shroud of Golubria    Chrm/Tloc      #.........   19%         2    ###....


Dungeon Overview and Level Annotations

Branches:
Dungeon (5/15)
 Temple: D:4-7

Altars:
Elyvilon
Qazlal
Trog

Shops:
D:4 :   D:5 (!

Annotations:
D:3 Grinder
D:4 Edmund


Message History

Grinder is heavily wounded.
You barely miss Grinder.
Grinder is heavily wounded.
Grinder gestures at you.
You suddenly lose the ability to move!
Grinder hits you.
You writhe in agony.
Grinder gestures at you. Pain shoots through your body!
* * * LOW HITPOINT WARNING * * *
Grinder gestures at you. You resist with significant effort. Grinder hits you.
* * * LOW HITPOINT WARNING * * *
You writhe in agony.
* * * LOW HITPOINT WARNING * * *
Grinder hits you but does no damage. Grinder hits you.
* * * LOW HITPOINT WARNING * * *
You writhe in agony.
You die...

.'.)..≈§§≈≈..≈##.#
.#≈....⌠....≈≈##.#
[#≈≈.......≈≈##..#
.##≈≈....≈≈§##...#
####≈≈.≈≈≈######.#
.#.###+#########.#
.#.............#.#
.########.###.##.#
......[........5@#
.########.#.#.##.#
.# #......#.##.#
.# #.##.#...##.#
.# #.##.#.####.#
.# #.##.#.# #.#
.#####.##.#.# #.#
.##....##.#.####.#
.##.#####........#


You could see Grinder.

Vanquished Creatures
  3 water moccasin zombies (Ossuary)
  2 centaur skeletons
  An orc wizard (D:3)
  Ijyb (D:2)
  A worker ant (D:4)
  2 big kobold zombies (Ossuary)
  2 mummies (Ossuary)
  9 adders
  A shadow imp (D:4)
  An ooze (D:2)
  4 adder zombies (Ossuary)
  3 adder skeletons
  3 worms
  2 dart slugs
  4 leopard geckos
  6 orcs
  7 giant cockroaches
  4 goblins
  7 hobgoblins
  3 jackals (D:1)
  9 kobolds
  A ball python (D:5)
  8 bats
  7 frilled lizards
  3 gnoll zombies (Ossuary)
  A hobgoblin zombie (Ossuary)
  6 kobold zombies (Ossuary)
  9 orc zombies (Ossuary)
  6 rats
116 creatures vanquished.

Vanquished Creatures (others)
  A quokka (D:4)
1 creature vanquished.

Grand Total: 117 creatures vanquished

Notes
Turn   | Place    | Note
-------+----------+-------------------------------------------
     0 | D:1      | Kairos the Merfolk Skald began the quest for the Orb.
     0 | D:1      | Reached XP level 1. HP: 16/16 MP: 3/3
    34 | D:1      | Reached XP level 2. HP: 20/22 MP: 5/5
   622 | D:1      | Reached XP level 3. HP: 27/27 MP: 6/6
   868 | D:1      | Learned a level 2 spell: Song of Slaying
   871 | D:1      | Learned a level 2 spell: Shroud of Golubria
   948 | D:2      | Reached skill level 1 in Armour
  1113 | D:2      | Reached skill level 4 in Polearms
  1113 | D:2      | Reached XP level 4. HP: 28/34 MP: 7/7
  1598 | D:3      | Noticed Grinder
  1598 | D:3      | Noticed Ijyb
  1647 | D:2      | Killed Ijyb
  1647 | D:2      | Reached XP level 5. HP: 28/39 MP: 1/8
  2121 | D:3      | Reached skill level 5 in Polearms
  3591 | D:4      | Reached XP level 6. HP: 39/46 MP: 9/9
  3613 | D:4      | Found a white marble altar of Elyvilon.
  3616 | D:4      | Found a bloodstained altar of Trog.
  3698 | D:4      | Found Qunoycez's Book Shop.
  3825 | D:4      | Paralysed by Grinder for 5 turns
  4123 | D:4      | Found a sand-covered staircase.
  4242 | Ossuary  | Entered an ossuary
  4762 | Ossuary  | Reached skill level 6 in Polearms
  5341 | Ossuary  | Reached XP level 7. HP: 50/52 MP: 1/10
  5354 | Ossuary  | Reached skill level 1 in Stealth
  6000 | D:5      | Entered Level 5 of the Dungeon
  6001 | D:5      | Found a stormy altar of Qazlal.
  6094 | D:5      | Found Ote Tuwn's Weapon Emporium.
  6100 | D:5      | Found Gumyogh's Distillery.
  6127 | D:5      | Bought a potion of curing for 39 gold pieces
  6232 | D:5      | Reached skill level 5 in Dodging
  6264 | D:5      | Reached skill level 7 in Polearms
  6279 | D:5      | Noticed Edmund
  6363 | D:4      | Paralysed by Grinder for 4 turns
  6634 | D:3      | Paralysed by Grinder for 6 turns
  6640 | D:3      | HP: 1/52 [Grinder (2)]
  6640 | D:3      | Slain by Grinder

Skill      XL: |  1  2  3  4  5  6  7 |
---------------+----------------------+-----
Dodging        | 3 4 5 |  5.0
Armour         | 1 2 |  2.1
Polearms       | 4 5 6 7 |  7.0
Charms         | 4 |  4.3
Fighting       | 3 |  3.4
Stealth        | 1 |  1.0
Spellcasting   | |  2.7

Action                   |  1- 3 |  4- 6 |  7- 9 || total
-------------------------+-------+-------+-------++-------
Melee: Spear             |   147 |   374 |   160 ||   681
 Cast: Infusion          |     2 |    15 |     4 ||    21
       Song of Slaying   |       |     2 |       ||     2
  Use: Potion            |       |     1 |     1 ||     2
       Scroll            |       |       |     2 ||     2
 Stab: Sleeping          |       |     2 |       ||     2
       Invisible         |       |       |     1 ||     1
  Eat: Chunk             |     1 |     6 |       ||     7
       Ration            |       |     2 |     2 ||     4
Armor: Leather armour    |    34 |    62 |    29 ||   125
Dodge: Dodged            |    82 |   201 |    60 ||   343
